 Dungeon Crawl Stone Soup version 0.20.1-1-g8b1a95d (webtiles) character file.

458 tmwrnj the Chopper (level 7, -1/60 HPs)
             Began as a Hill Orc Fighter on July 22, 2017.
             Slain by a killer bee (2 damage)
             ... on level 4 of the Dungeon.
             The game lasted 00:07:28 (2804 turns).

tmwrnj the Chopper (Hill Orc Fighter)               Turns: 2804, Time: 00:07:30

Health: -1/60      AC:  6    Str: 20    XL:     7   Next: 6%
Magic:  7/7        EV:  9    Int:  8    God:
Gold:   145        SH:  9    Dex: 11    Spells: 6/6 levels left

rFire    . . .     SeeInvis .   a - +0 war axe
rCold    . . .     Gourm    .   c - +0 shield
rNeg     . . .     Faith    .   g - +0 ring mail (curse)
rPois    .         Spirit   .   (no helmet)
rElec    .         Reflect  .   (no cloak)
rCorr    .         Harm     .   (no gloves)
MR       .....                  (no boots)
Stlth    +.........             (no amulet)
Regen    0.2/turn               (no ring)
MPRegen  0.1/turn               (no ring)

@: lethally poisoned (-1 -> -10)
A: no striking features
a: no special abilities


You were on level 4 of the Dungeon.
You were not hungry.

You visited 1 branch of the dungeon, and saw 4 of its levels.

You collected 145 gold pieces.

Inventory:

Hand Weapons
 a - a +0 war axe (weapon)
Armour
 b - a +0 scale mail
 c - a +0 shield (worn)
 g - a cursed +0 ring mail (worn)
 x - a +0 helmet
Jewellery
 t - an uncursed ring of flight
Wands
 u - a wand of polymorph (10/24)
Scrolls
 h - a scroll of blinking {unknown}
 j - 3 scrolls of immolation
 k - a scroll of recharging {unknown}
 m - 2 scrolls of identify
 n - 2 scrolls of fog
 o - 2 scrolls of remove curse {unknown}
 p - a scroll of enchant weapon {unknown}
 y - a scroll of amnesia {unknown}
Potions
 d - a potion of might
 i - 3 potions of degeneration
 s - a potion of flight {unknown}
 v - a potion of mutation {unknown}
 w - a potion of haste {unknown}
 z - 2 potions of lignification {unknown}
Books
 A - a book of Changes

   Spells                             Type                      Level
   a - Beastly Appendage              Transmutation                1
   b - Sticks to Snakes               Transmutation                2
   c - Spider Form                    Transmutation/Poison         3
   d - Ice Form                       Ice/Transmutation            4
   e - Blade Hands                    Transmutation                5
Comestibles
 f - 4 bread rations
 q - 2 meat rations
 r - 4 fruits


   Skills:
 + Level 4.9 Fighting
 + Level 6.5 Axes
 + Level 4.6 Armour
 + Level 1.4 Dodging
 + Level 4.4 Shields


You had 6 spell levels left.
You didn't know any spells.

Dungeon Overview and Level Annotations

Branches:
Dungeon (4/15)
 Temple: D:4-7

Altars:
Nemelex Xobeh


Message History

You feel sick. You block the killer bee's attack.
Your shield prevents you from hitting the killer bee.
* * * LOW HITPOINT WARNING * * *
You feel sick. The killer bee misses you. You block the killer bee's attack.
Your shield prevents you from hitting the killer bee.
You hit the killer bee.
* * * LOW HITPOINT WARNING * * *
You feel sick. You block the killer bee's attack.
The killer bee stings you but does no damage.
The killer bee stings you.
* * * LOW HITPOINT WARNING * * *
The killer bee closely misses you.
Unknown command.
Your shield and ring mail prevent you from hitting the killer bee.
You hit the killer bee.
* * * LOW HITPOINT WARNING * * *
You feel sick. The killer bee misses you.
The killer bee stings you but does no damage.
The killer bee stings you.
You die...

.........
........#+###########
#.......#............
#.......#............
+.......#............
#.......#...##.####..
#......y#...##.#
#......@yy...#..
#.......#....#...
#.......#....#....
...######....#....#
.. #...##...##...## .
#...##...#####
#.............
#.............
#...##........


You could see 3 killer bees.

Vanquished Creatures
  Sigmund (D:2)
  A scorpion (D:4)
  A killer bee (D:4)
  Robin (D:3)
  3 gnolls (D:3)
  8 adders
  2 worms
  4 leopard geckos
  3 ball pythons
  10 giant cockroaches (D:3)
  13 goblins
  12 hobgoblins
  2 quokkas
  7 bats
  3 frilled lizards
  6 kobolds
  5 rats
82 creatures vanquished.

Notes
Turn   | Place    | Note
-------+----------+-------------------------------------------
     0 | D:1      | tmwrnj the Hill Orc Fighter began the quest for the Orb.
     0 | D:1      | Reached XP level 1. HP: 19/19 MP: 1/1
   337 | D:1      | Reached XP level 2. HP: 26/27 MP: 2/2
   740 | D:2      | Reached skill level 3 in Axes
   740 | D:2      | Reached XP level 3. HP: 29/33 MP: 3/3
   751 | D:2      | Found a sparkling altar of Nemelex Xobeh.
  1331 | D:2      | Reached XP level 4. HP: 39/40 MP: 4/4
  1364 | D:2      | Noticed Sigmund
  1378 | D:2      | Killed Sigmund
  1378 | D:2      | Reached skill level 4 in Axes
  1378 | D:2      | Reached skill level 1 in Dodging
  1378 | D:2      | Reached XP level 5. HP: 36/47 MP: 5/5
  1511 | D:2      | Reached XP level 6. HP: 53/53 MP: 6/6
  1564 | D:2      | Reached skill level 5 in Axes
  1906 | D:3      | Noticed Robin
  1921 | D:3      | Killed Robin
  2538 | D:4      | Reached skill level 6 in Axes
  2681 | D:4      | Reached XP level 7. HP: 14/60 MP: 7/7
  2803 | D:4      | HP: 3/60 [killer bee (2)]
  2804 | D:4      | HP: 1/60 [poisoned by a killer bee]
  2804 | D:4      | Slain by a killer bee

Skill      XL: |  1  2  3  4  5  6 |
---------------+-------------------+-----
Axes           | 3 4 6 |  6.5
Fighting       | 4 |  4.9
Armour         | 4 |  4.6
Dodging        | 1 |  1.4
Shields        | 4 |  4.4

Action                   |  1- 3 |  4- 6 |  7- 9 || total
-------------------------+-------+-------+-------++-------
Melee: War axe           |   113 |   160 |     6 ||   279
  Use: Scroll            |       |     3 |       ||     3
       Potion            |       |       |     1 ||     1
  Eat: Chunk             |     1 |     4 |       ||     5
       Royal jelly       |       |       |     1 ||     1
Armor: Ring mail         |    58 |    51 |     2 ||   111
       Scale mail        |     5 |       |       ||     5
Dodge: Dodged            |    42 |    63 |     5 ||   110
Block: Shield            |    58 |    87 |    12 ||   157
